 Dungeon Crawl Stone Soup version 0.30.0 (webtiles) character file.

Game seed: 15714226735044288201

18 Dani the Trooper (level 2, 23/24 HPs)
             Began as a Demonspawn Fighter on May 20, 2023.
             Was a Follower of Uskayaw.
             Quit the game on level 1 of the Dungeon.
             The game lasted 00:00:36 (214 turns).

Dani the Trooper (Demonspawn Fighter)                Turns: 214, Time: 00:00:37

Health: 23/24      AC:  6    Str: 16    XL:     2   Next: 48%
Magic:  2/2        EV:  8    Int:  9    God:    Uskayaw [*.....]
Gold:   35         SH:  4    Dex: 12    Spells: 1/1 levels left

rFire   . . .        a - +0 war axe
rCold   . . .        c - +0 buckler
rNeg    . . .        b - +0 scale mail
rPois   .            (no helmet)
rElec   .            (no cloak)
rCorr   .            (no gloves)
SInv    .            (no boots)
Will    .....        (no amulet) Stlth
                     (no ring)
HPRegen 0.24/turn    (no ring)
MPRegen 0.08/turn

%: no passive effects
@: no status effects
A: claws 1
a: Renounce Religion, Stomp


You were on level 1 of the Dungeon.
You worshipped Uskayaw.
Uskayaw was noncommittal.
You visited 1 branch of the dungeon, and saw 1 of its levels.

You collected 35 gold pieces.

Inventory:

Hand Weapons
 a - a +0 war axe (weapon)
Armour
 b - a +0 scale mail (worn)
 c - a +0 buckler (worn)
Scrolls
 e - a scroll of blinking {unknown}
 f - a scroll of identify {unknown}
Potions
 d - a potion of might


   Skills:
 - Level 3.0 Fighting
 + Level 2.9 Axes
 - Level 2.6 Armour
 - Level 2.6 Shields


You had one spell level left.
You didn't know any spells.
Your spell library contained the following spells:

 Spells                   Type           Power      Damage    Failure   Level
 Inner Flame              Hex/Fire       0%         N/A       99%         3
 Flame Wave               Conj/Fire      0%         2d4       100%        4
 Sticky Flame             Conj/Fire      0%         2d3       100%        4


Dungeon Overview and Level Annotations

Branches:
Dungeon (1/15)

Altars:
Uskayaw


Innate Abilities, Weirdness & Mutations

You have sharp fingernails.


Message History

The goblin completely misses you.
A goblin is nearby!
You hit the goblin.
The goblin is severely wounded.
The goblin hits you but does no damage. The goblin hits you with a +0 club.
A goblin is nearby!
You hit the goblin but do no damage.
The goblin is severely wounded.
The goblin barely misses you.
You closely miss the goblin.
The goblin is severely wounded.
The goblin barely misses you.
A goblin is nearby!
You hit the goblin.
You kill the goblin!
You see here a +0 club.
A gnoll comes into view. It is wielding a +0 club.
Found 5 stones.
Found a book of Flames.
A gnoll is nearby!
You hit the gnoll.
The gnoll is lightly wounded.
The gnoll hits you with a +0 club.
You barely miss the gnoll.
The gnoll is lightly wounded.
The gnoll barely misses you. You block the gnoll's attack.
You hit the gnoll.
The gnoll is heavily wounded.
The gnoll hits you with a +0 club.
* * * LOW HITPOINT WARNING * * *
You closely miss the gnoll.
The gnoll is heavily wounded.
The gnoll hits you with a +0 club.
* * * LOW HITPOINT WARNING * * *
You are too injured to fight recklessly!
You are too injured to fight recklessly!
You slash the gnoll!
You kill the gnoll!
You have reached level 2!
Your demonic ancestry asserts itself...
Your fingernails lengthen.
You slash the plant!
The plant begins to die.
The plant is lightly damaged.
You hit the plant.
The plant is lightly damaged.
You hit the plant.
The plant is lightly damaged.
A nearby plant withers and dies.
Found a faded altar of an unknown god.
There is a faded altar of an unknown god here.
This altar belongs to (a) Uskayaw, (b) Ashenzari or (c) Hepliaklqana, but you can't tell which.
Press the corresponding letter to learn more about a god, or press enter to convert or escape to cancel.
Okay, then.
Key pressed, stopping explore.
Key pressed, stopping explore.
You now have 30 gold pieces (gained 14).
You pick up a book of Flames and begin reading...
You add the spells Inner Flame, Sticky Flame and Flame Wave to your library.
You now have 35 gold pieces (gained 5).
Key pressed, stopping explore.
f - a scroll labelled FEGEUV IQIE You see here 5 stones.
Key pressed, stopping explore.
A quokka comes into view.
Found a short sword.
Found a stone staircase leading down.
You hit the quokka but do no damage. The quokka misses you.
The quokka barely misses you.
You hit the quokka.
The quokka is heavily wounded.
You block the quokka's attack. The quokka bites you.
You closely miss the quokka.
The quokka is heavily wounded.
The quokka barely misses you.
You closely miss the quokka.
The quokka is heavily wounded.
The quokka closely misses you.
The quokka bites you but does no damage.
You closely miss the quokka.
The quokka is heavily wounded.
The quokka bites you. x2
You closely miss the quokka.
The quokka is heavily wounded.
The quokka closely misses you. You block the quokka's attack.
You closely miss the quokka.
The quokka is heavily wounded.
The quokka bites you but does no damage.
You closely miss the quokka.
The quokka is heavily wounded.
You block the quokka's attack. The quokka bites you.
You slash the quokka!
You kill the quokka!
No target in view!
No target in view!
No target in view!
You see here a +0 club.
There is a faded altar of an unknown god here.
This altar belongs to (a) Uskayaw, (b) Ashenzari or (c) Hepliaklqana, but you can't tell which.
Press the corresponding letter to learn more about a god, or press enter to convert or escape to cancel.
Uskayaw accepts your prayer! Uskayaw welcomes you!
You can now stomp with the beat.
Are you sure you want to abandon this character and quit the game? (Confirm with "yes".)

P.PP.PP.P.#.............# #
PPP.PP.PP.#.............# #.#
...PPP.PP....#..........###...#
PPPP..PPP...................# ♣
....PPPPP...#............###
##.
PPPPPPPPP....#.#########.###
... ....# ########...###.#.
.#.. ##8P##.####.#..... ..
#@.##...##......##
#8....#P.8.....##.
#.#...##P.....)...
#########8.......#
##########.....#..
.........#.....#..
.........####.##..
#......)..... #.#......#.#.


There were no monsters in sight!

Vanquished Creatures
  A gnoll (D:1)
  A ball python (D:1)
  A bat (D:1)
  A giant cockroach (D:1)
  A goblin (D:1)
  A quokka (D:1)
  2 rats (D:1)
8 creatures vanquished.

Vanquished Creatures (others)
  8 plants (D:1)
8 creatures vanquished.

Grand Total: 16 creatures vanquished

Notes
Turn   | Place    | Note
-------+----------+-------------------------------------------
     0 | D:1      | Dani the Demonspawn Fighter began the quest for the Orb.
     0 | D:1      | Reached XP level 1. HP: 18/18 MP: 1/1
    22 | D:1      | Reached skill level 2 in Axes
    68 | D:1      | HP: 4/18 [gnoll/+0 club (6)]
    70 | D:1      | Gained mutation: You have sharp fingernails. [demonic
                  | ancestry]
    70 | D:1      | Reached XP level 2. HP: 6/24 MP: 2/2
    81 | D:1      | Found a faded altar of an unknown god.
   213 | D:1      | Prayed at the altar of an unknown god.
   213 | D:1      | Became a worshipper of Uskayaw the Reveller
   213 | D:1      | Reached * piety under Uskayaw
   214 | D:1      | Quit the game

Illustrated notes

Levels and vault maps discovered:
D:1:      roderic_crop_circles_arrival_small, layout_rooms,
          shapermc_ecumenical_altar_petra, serial_glass, glass_columns_b,
          glass_columns_c, feat_on_display, minmay_strange_pillars,
          item_on_display_b, item_on_display_a, serial_park_tiny_pond,
          serial_bayou_pond_e

Skill      XL: |  1 |
---------------+----+-----
Axes           | 2 |  2.9
Fighting       | |  3.0
Armour         | |  2.6
Shields        | |  2.6

Action                     || total
---------------------------++-------
  Melee: War axe           ||    27
 Armour: Scale mail        ||     7
  Dodge: Dodged            ||    10
  Block: Buckler           ||     5

Levels and vault maps discovered:
D:1:      roderic_crop_circles_arrival_small, layout_rooms,
          shapermc_ecumenical_altar_petra, serial_glass, glass_columns_b,
          glass_columns_c, feat_on_display, minmay_strange_pillars,
          item_on_display_b, item_on_display_a, serial_park_tiny_pond,
          serial_bayou_pond_e

Table legend: (Time is in decaauts)
 A = Elapsed time spent in this place.
 B = Non-inter-level travel time spent in this place.
 C = Inter-level travel time spent in this place.
 D = Time resting spent in this place.
 E = Time spent auto-exploring this place.
 F = Levels seen in this place.
 G = Mean time per level.
                   A        B        C        D        E       F      G
               +--------+--------+--------+--------+--------+-----+--------+
         Total |    225 |    206 |     19 |      0 |    136 |   1 |  225.0 |
       Dungeon |    225 |    206 |     19 |      0 |    136 |   1 |  225.0 |
               +--------+--------+--------+--------+--------+-----+--------+

Top non-repeatable levels by time:
     D:1: 225 daAuts

Table legend:
 A = Kills in this place as a percentage of kills in the entire game.
 B = Kills by you in this place as a percentage of kills by you in the entire game.
 C = Kills by friends in this place as a percentage of kills by friends in the entire game.
 D = Other kills in this place as a percentage of other kills in the entire game.
 E = Experience gained in this place as a percentage of experience gained in the entire game.
 F = Experience gained in this place divided by the number of levels of this place that you have seen.
                   A       B       C       D       E      F
               +-------+-------+-------+-------+-------+----------------------
         Total | 100.0 | 100.0 |   N/A |   N/A | 100.0 |  26.0
       Dungeon | 100.0 | 100.0 |   N/A |   N/A | 100.0 |  26.0
               +-------+-------+-------+-------+-------+----------------------
